 Dungeon Crawl Stone Soup version 0.29-a0-92-gee772dd00f (webtiles) character file.

Game seed: 15818312831427727059

2443 Sweetruy1997 the Chopper (level 9, -4/67 HPs)
             Began as a Demonspawn Chaos Knight on Feb 9, 2022.
             Was a Plaything of Xom.
             Slain by an orc warrior (11 damage)
             ... on level 7 of the Dungeon.
             The game lasted 00:23:31 (9351 turns).

Sweetruy1997 the Chopper (Demonspawn Chaos Knight)  Turns: 9351, Time: 00:23:32

Health: -4/67      AC: 11    Str: 12    XL:     9   Next: 25%
Magic:  4/17       EV: 10    Int: 20    God:    Xom [..*...]
Gold:   361        SH:  4    Dex: 19    Spells: 10/19 levels left

rFire   . . .      SeeInvis .   a - +0 hand axe (chaos)
rCold   . . .      Faith    .   s - +0 buckler
rNeg    . . .      Spirit   .   e - +0 acid dragon scales
rPois   .          Reflect  .   (helmet unavailable)
rElec   .          Harm     .   c - +0 cloak
rCorr   +          Rampage  .   u - +0 pair of gloves
Will    .....                   d - +0 pair of boots
Stlth   ++++......              (no amulet)
HPRegen 0.21/turn               m - ring of flight
MPRegen 0.15/turn               (no ring)

@: brilliant, flying, very slightly contaminated
A: horns 3, thin skeletal structure 2, spiny 2, clever 2, shaggy fur 1
a: Renounce Religion


You were on level 7 of the Dungeon.
You worshipped Xom.
You were a toy of Xom.
You visited 2 branches of the dungeon, and saw 8 of its levels.

You collected 477 gold pieces.
You spent 116 gold pieces at shops.

Inventory:

Hand Weapons
 a - a +0 hand axe of chaos (weapon)
Missiles
 x - 2 boomerangs of dispersal
Armour
 c - a +0 cloak (worn)
 d - a +0 pair of boots (worn)
 e - +0 acid dragon scales (worn)
 s - a +0 buckler (worn)
 u - a +0 pair of gloves (worn)
Jewellery
 m - a ring of flight (left hand)
Wands
 o - a wand of polymorph (8)
 t - a wand of iceblast (8)
Scrolls
 f - 2 scrolls of teleportation
 g - a scroll of fear
 h - a scroll of fog
 j - a scroll of brand weapon {unknown}
 k - 2 scrolls of amnesia
 l - a scroll of blinking {unknown}
 p - 2 scrolls of silence
 q - a scroll of acquirement {unknown}
 v - a scroll of holy word {unknown}
 w - 2 scrolls of noise {unknown}
 y - a scroll of enchant armour {unknown}
Potions
 b - a potion of magic {unknown}
 n - a potion of lignification {unknown}
 r - a potion of brilliance
 z - a potion of flight {unknown}
 A - a potion of attraction {unknown}


   Skills:
 + Level 4.8 Fighting
 + Level 5.8 Axes
 + Level 4.3 Armour
 - Level 1.0 Dodging
 - Level 2.0 Stealth
 + Level 1.3 Shields
 + Level 5.7 Spellcasting
 + Level 0.2 Conjurations
 + Level 1.0 Hexes
 + Level 5.4 Summonings
 + Level 0.3 Air Magic
 + Level 1.1 Evocations


You had 10 spell levels left.
You knew the following spells:

 Your Spells              Type           Power      Damage    Failure   Level
a - Summon Small Mammal   Summ           100%       N/A       2%          1
b - Call Canine Familiar  Summ           41%        N/A       7%          3
c - Summon Guardian Gole  Hex/Summ       27%        N/A       17%         3
d - Static Discharge      Conj/Air       10%        N/A       28%         2

Your spell library contained the following spells:

 Spells                   Type           Power      Damage    Failure   Level
 Lightning Bolt           Conj/Air       5%         1d17      99%         5
 Maxwell's Capacitive Co  Air            5%         ∞         100%        8


Dungeon Overview and Level Annotations

Branches:
Dungeon (7/15)             Temple (1/1) D:4

Altars:
Cheibriados
Dithmenos
Elyvilon
Fedhas
Gozag
Hepliaklqana
Kikubaaqudgha
Makhleb
Nemelex Xobeh
Okawaru
Qazlal
Ru
Sif Muna
Trog
Uskayaw
Vehumet
Wu Jian
Xom
Yredelemnul
Zin

Shops:
D:2 [


Innate Abilities, Weirdness & Mutations

You have a pair of large horns on your head.
You have a moderately thin skeletal structure. (Dex +4, Stealth++)
You are mostly covered in sharp spines.
Your mind is very acute. (Int +4)
You are covered in fur. (AC +1)


Message History

The gnoll hits you from afar with a +0 spear.
The orc warrior hits you from afar with a +0 glaive!
The orc warrior hits you with a +0 mace.
The orc priest looks braver for a moment.
You are too injured to fight recklessly!
You feel clever all of a sudden.
The orc warrior hits you but does no damage.
The gnoll hits you from afar with a +0 spear.
* * * LOW HITPOINT WARNING * * *
The orc warrior closely misses you.
The orc priest hits you but does no damage.
Something hits you but does no damage.
You are too injured to fight recklessly!
Casting: Static Discharge (dangerous; 28% risk of failure)
Confirm with . or Enter, or press ? or * to list all spells.
You feel a surge of power!
You miscast Static Discharge.
Nothing appears to happen.
The orc warrior hits you from afar with a +0 glaive.
* * * LOW HITPOINT WARNING * * *
The gnoll barely misses you. You block the orc warrior's attack.
Something hits you.
* * * LOW HITPOINT WARNING * * *
The orc priest invokes the aid of Beogh against you.
You struggle to resist.
You closely miss the orc warrior. Your headbutt misses the orc warrior.
The orc warrior is lightly wounded.
You block the orc warrior's attack.
The orc warrior hits you with a +0 mace.
* * * LOW HITPOINT WARNING * * *
The orc priest hits your guardian golem with a +0 dagger.
Unknown command.
Casting: Static Discharge (dangerous; 28% risk of failure)
Confirm with . or Enter, or press ? or * to list all spells.
You feel a surge of power!
Some blue arcs ground themselves harmlessly.
The orc warrior hits you from afar with a +0 glaive.
* * * LOW HITPOINT WARNING * * *
The orc warrior hits you with a +0 mace!
You die...
Xom cackles wildly!

...P♣PPP♣....♣♣♣ ...♣
...PPPPP#'''############
..♣.♣♣♣P#...# ).!$.....#
.P.♣#####.>.# ........#
.♣P♣#...#...# $......#
..P♣#...#...# .....
.♣PP#)?.#)########oo####
....#(..'))......9o....+
....#...'.......@og....+
########################


You could see 2 orc warriors, 2 orc priests, a gnoll (ally target) and a
friendly guardian golem (summoned).

Vanquished Creatures
  Maggie (D:6)
  Grinder (D:5)
  A water moccasin (D:7)
  A nameless horror (D:6)
  An orc warrior (D:6)
  A black bear (D:6)
  3 ogres
  A scorpion (D:5)
  A bullfrog (D:7)
  6 wights (D:6)
  2 bullfrog zombies
  5 hounds
  2 orc priests
  3 jellies
  A centaur skeleton (D:6)
  Ijyb (D:5)
  2 iguanas
  3 orc wizards
  A hound zombie (D:5)
  A gnoll (D:7)
  A river rat (D:2)
  9 adders
  An ufetubus (D:6)
  A dart slug (D:2)
  13 orcs
  2 bats
  10 endoplasms
  4 giant cockroaches
  9 goblins
  11 hobgoblins
  5 quokkas
  9 ball pythons
  5 frilled lizards
  5 kobolds
  9 rats
132 creatures vanquished.

Vanquished Creatures (collateral kills)
  An ogre (D:4)
  A nameless horror (D:6)
  3 wights (D:6)
  A centaur zombie (D:6)
  A jelly (D:6)
  An iguana (D:5)
  A hobgoblin (D:2)
9 creatures vanquished.

Vanquished Creatures (others)
  19 plants (D:7)
19 creatures vanquished.

Grand Total: 160 creatures vanquished

Notes
Turn   | Place    | Note
-------+----------+-------------------------------------------
     0 | D:1      | Sweetruy1997 the Demonspawn Chaos Knight began the quest
                  | for the Orb.
     0 | D:1      | Reached XP level 1. HP: 18/18 MP: 1/1
     0 | D:1      | XOM: silly message
   205 | D:1      | Gained mutation: You have a somewhat thin skeletal
                  | structure. (Dex +2, Stealth+) [demonic ancestry]
   205 | D:1      | Reached XP level 2. HP: 11/24 MP: 2/2
   327 | D:1      | XOM: noise
   472 | D:1      | XOM: 3-stop teleportation journey
   582 | D:1      | XOM: stat loss: -1 Dex (13/14)
   595 | D:1      | XOM: cloud trail
   763 | D:1      | XOM: confuse monster(s)
   771 | D:1      | Gained mutation: You are partially covered in sharp spines.
                  | [demonic ancestry]
   771 | D:1      | Reached XP level 3. HP: 29/29 MP: 3/3
   783 | D:1      | Found a faded altar of an unknown god.
   967 | D:1      | XOM: scenery: summon butterflies
  1525 | D:2      | Learned a level 1 spell: Summon Small Mammal
  1631 | D:2      | Found Errahai's Armour Boutique.
  1653 | D:2      | Bought a +0 pair of boots for 58 gold pieces
  1653 | D:2      | XOM: polymorph rat -> adder
  2073 | D:2      | Gained mutation: You are mostly covered in sharp spines.
                  | [demonic ancestry]
  2073 | D:2      | Reached XP level 4. HP: 35/37 MP: 2/4
  2097 | D:2      | XOM: cloud trail
  2322 | D:3      | Reached skill level 1 in Stealth
  2339 | D:3      | XOM: give mutations
  2339 | D:3      | Gained mutation: You are dopey. (Int -2) [Xom's mischief]
  2339 | D:3      | Gained mutation: Armour fits poorly on your strangely
                  | shaped body. [Xom's mischief]
  2339 | D:3      | Gained mutation: You are frail. (-10% HP) [Xom's mischief]
  2339 | D:3      | Gained mutation: You occasionally shout uncontrollably at
                  | your foes. [Xom's mischief]
  2372 | D:3      | XOM: 2-stop teleportation journey
  2613 | D:3      | XOM: 1-stop teleportation journey
  2627 | D:3      | Reached skill level 1 in Dodging
  2627 | D:3      | Reached XP level 5. HP: 32/37 MP: 2/5
  3103 | D:3      | XOM: silly message
  3211 | D:3      | XOM: polymorph rat -> glowing shapeshifter
  3590 | D:4      | Reached skill level 1 in Summonings
  3596 | D:4      | Reached skill level 1 in Spellcasting
  3598 | D:4      | Noticed an ogre
  3599 | D:4      | XOM: divination: detect items
  3601 | D:4      | XOM: summons 3 friendly demons
  3607 | D:4      | Killed an ogre
  3608 | D:4      | Gained mutation: You have a pair of small horns on your
                  | head. [demonic ancestry]
  3608 | D:4      | Reached XP level 6. HP: 28/43 MP: 2/8
  3749 | D:4      | Found a staircase to the Ecumenical Temple.
  3767 | Temple   | Entered the Ecumenical Temple
  4470 | D:5      | Entered Level 5 of the Dungeon
  4474 | D:5      | XOM: god gift: jewelled brass wand {god gift}
  4506 | D:5      | Learned a level 3 spell: Call Canine Familiar
  4510 | D:5      | Learned a level 3 spell: Summon Guardian Golem
  4526 | D:5      | Found a shimmering altar of Xom.
  4591 | D:5      | Noticed Grinder
  4601 | D:5      | XOM: scenery: summon butterflies
  4614 | D:5      | Killed Grinder
  4615 | D:5      | Gained mutation: You have a moderately thin skeletal
                  | structure. (Dex +4, Stealth++) [demonic ancestry]
  4615 | D:5      | Reached XP level 7. HP: 6/47 MP: 8/11
  4927 | D:5      | Lost mutation: You are dopey. (Int -2) [potion of mutation]
  4927 | D:5      | Lost mutation: Armour fits poorly on your strangely shaped
                  | body. [potion of mutation]
  4927 | D:5      | Lost mutation: You are frail. (-10% HP) [potion of
                  | mutation]
  4927 | D:5      | Gained mutation: You are robust. (+10% HP) [potion of
                  | mutation]
  4928 | D:5      | Lost mutation: You occasionally shout uncontrollably at
                  | your foes. [potion of mutation]
  4928 | D:5      | Lost mutation: You are robust. (+10% HP) [potion of
                  | mutation]
  4928 | D:5      | Gained mutation: You have hidden genetic defects. [potion
                  | of mutation]
  4928 | D:5      | Gained mutation: You are weak. (Str -2) [potion of
                  | mutation]
  4928 | D:5      | Gained mutation: You have an increased reservoir of magic.
                  | (+10% MP) [potion of mutation]
  4965 | D:5      | XOM: cleaving
  5359 | D:5      | Gained mutation: You are occasionally teleported next to
                  | monsters. [hidden defects]
  5494 | D:5      | Noticed Ijyb
  5566 | D:5      | XOM: summons friendly white imp
  5577 | D:5      | Killed Ijyb
  5585 | D:5      | XOM: silly message
  5631 | D:5      | Gained mutation: Your body sometimes deteriorates upon
                  | taking damage. [hidden defects]
  5631 | D:5      | Lost mutation: You have hidden genetic defects. [hidden
                  | defects expressed]
  5796 | D:5      | XOM: noise
  6005 | D:2      | Bought a +0 pair of gloves for 58 gold pieces
  6173 | D:6      | XOM: potion effect (might)
  6176 | D:6      | Gained mutation: You have a pair of horns on your head.
                  | [demonic ancestry]
  6176 | D:6      | Reached XP level 8. HP: 29/61 MP: 10/15
  6306 | D:6      | XOM: torment (23/61 hp)
  6446 | D:6      | XOM: summons 5 hostile demons
  6447 | D:6      | Noticed a soul eater
  6681 | D:6      | XOM: potion effect (berserk rage)
  6699 | D:6      | XOM: summons friendly ufetubus
  6819 | D:6      | XOM: divination: detect items
  6823 | D:6      | Reached skill level 5 in Spellcasting
  7043 | D:6      | XOM: scenery: 2 doors close
  7137 | D:6      | Reached skill level 5 in Axes
  7137 | D:6      | Reached skill level 5 in Summonings
  7178 | D:6      | XOM: 1-stop teleportation journey
  7430 | D:6      | Found a bloodstained altar of Trog.
  7629 | D:6      | Learned a level 2 spell: Static Discharge
  7695 | D:6      | Noticed Maggie
  7711 | D:6      | XOM: divination: detect creatures
  7717 | D:6      | Noticed a nameless horror
  7718 | D:6      | HP: 1/61 [nameless horror[miscasting Summon Guardian Golem]
                  | (8)]
  8015 | D:6      | Reached skill level 1 in Shields
  8046 | D:6      | XOM: butterfly on damage
  8050 | D:6      | HP: 2/61 [Maggie (4)]
  8053 | D:6      | Killed Maggie
  8054 | D:6      | Gained mutation: You have a pair of large horns on your
                  | head. [demonic ancestry]
  8054 | D:6      | Reached XP level 9. HP: 32/66 MP: 19/19
  8476 | D:6      | XOM: silly message
  8604 | D:7      | XOM: cast spell 'Leda's Liquefaction'
  8714 | D:7      | XOM: silly message
  8816 | D:7      | Lost mutation: You have an increased reservoir of magic.
                  | (+10% MP) [potion of mutation]
  8816 | D:7      | Lost mutation: You are occasionally teleported next to
                  | monsters. [potion of mutation]
  8816 | D:7      | Lost mutation: You are weak. (Str -2) [potion of mutation]
  8816 | D:7      | Gained mutation: Your flesh is heat resistant. (rF+)
                  | [potion of mutation]
  8816 | D:7      | Gained mutation: You are frail. (-10% HP) [potion of
                  | mutation]
  8857 | D:7      | XOM: silly message
  8883 | D:7      | Lost mutation: Your body sometimes deteriorates upon taking
                  | damage. [potion of mutation]
  8883 | D:7      | Lost mutation: Your flesh is heat resistant. (rF+) [potion
                  | of mutation]
  8883 | D:7      | Lost mutation: You are frail. (-10% HP) [potion of
                  | mutation]
  8883 | D:7      | Gained mutation: Your mind is acute. (Int +2) [potion of
                  | mutation]
  8883 | D:7      | Gained mutation: Your mind is very acute. (Int +4) [potion
                  | of mutation]
  8883 | D:7      | Gained mutation: You are covered in fur. (AC +1) [potion of
                  | mutation]
  8987 | D:7      | XOM: potion effect (invisibility)
  9147 | D:7      | Reached skill level 1 in Evocations
  9158 | D:7      | Reached skill level 1 in Hexes
  9351 | D:7      | Slain by an orc warrior

Illustrated notes

Levels and vault maps discovered:
D:1:      psy_arrival_radial01, layout_rooms,
          hellmonk_ecumenical_altar_slurped_away,
          wander_ebering_terrifying_dragon_lair
D:2:      layout_loops_corners, serial_shops, nicolae_shop_statue_plus
D:3:      layout_loops_corners
D:4:      layout_basic, minmay_temple_entry_glassed_door
D:5:      layout_loops_ring, xom_teletrap_fun, dk_noncrumbling_4,
          chequers_avenue, chequers_mini_garden, chequers_serial_rivers_small_b,
          uniq_ijyb, uniq_grinder
D:6:      layout_loops_ring, kennysheep_mini_moat, kennysheep_generic_room_8,
          uniq_maggie
D:7:      kennysheep_housing_project, layout_basic, minivault_4
Temple:   dpeg_five_rooms_temple

Skill      XL: |  1  2  3  4  5  6  7  8  9 |
---------------+----------------------------+-----
Armour         | 2 3 4 |  4.3
Axes           | 3 4 5 |  5.8
Stealth        | 1 2 |  2.0
Dodging        | 1 |  1.0
Summonings     | 1 2 3 5 |  5.4
Spellcasting   | 1 3 4 5 |  5.7
Fighting       | 4 |  4.8
Shields        | 1 |  1.3
Evocations     | 1 |  1.1
Hexes          | 1 |  1.0
Conjurations   | |  0.2
Air Magic      | |  0.3

Action                   |  1- 3 |  4- 6 |  7- 9 || total
-------------------------+-------+-------+-------++-------
Melee: Hand axe          |   100 |    74 |   151 ||   325
       Headbutt          |       |     5 |    33 ||    38
       Punch             |       |     1 |       ||     1
 Cast: Summon Small Mamm |     6 |    29 |     2 ||    37
       Summon Guardian G |       |     1 |     4 ||     5
       Call Canine Famil |       |       |    11 ||    11
       Static Discharge  |       |       |    16 ||    16
Evoke: Wand              |       |       |     5 ||     5
  Use: Scroll            |       |     1 |     9 ||    10
       Potion            |       |       |     8 ||     8
 Stab: Confused          |     3 |       |       ||     3
       Sleeping          |     3 |    13 |     4 ||    20
       Distracted        |       |     3 |     1 ||     4
Armor: Leather armour    |    26 |    16 |    38 ||    80
       Acid dragon scale |       |       |    24 ||    24
Dodge: Dodged            |    63 |    31 |    71 ||   165
Block: Buckler           |       |       |    27 ||    27

Table legend: (Time is in decaauts)
 A = Elapsed time spent in this place.
 B = Non-inter-level travel time spent in this place.
 C = Inter-level travel time spent in this place.
 D = Time resting spent in this place.
 E = Time spent auto-exploring this place.
 F = Levels seen in this place.
 G = Mean time per level.
                   A        B        C        D        E       F      G
               +--------+--------+--------+--------+--------+-----+--------+
         Total |   9394 |   9045 |    349 |   2033 |   5800 |   8 | 1174.2 |
       Dungeon |   9105 |   8786 |    319 |   2033 |   5555 |   7 | 1300.7 |
        Temple |    289 |    259 |     30 |      0 |    245 |   1 |  289.0 |
               +--------+--------+--------+--------+--------+-----+--------+

Top non-repeatable levels by time:
     D:6: 2497 daAuts
     D:5: 1534 daAuts
     D:3: 1238 daAuts
     D:1: 1154 daAuts
     D:2: 1111 daAuts
     D:4: 809 daAuts
     D:7: 760 daAuts
  Temple: 289 daAuts
